 Dungeon Crawl Stone Soup version 0.21.0 (webtiles) character file.

3168 Gaball the Vexing (level 9, -1/68 HPs)
             Began as a Gnoll Arcane Marksman on Jan 6, 2018.
             Was a Believer of Fedhas.
             Slain by a wyvern (15 damage)
             ... on level 8 of the Dungeon.
             The game lasted 00:32:13 (10295 turns).

Gaball the Vexing (Gnoll Arcane Marksman)          Turns: 10295, Time: 00:32:14

Health: -1/68      AC:  9    Str: 12    XL:     9   Next: 94%
Magic:  10/17      EV: 17    Int: 13    God:    Fedhas [**....]
Gold:   156        SH:  0    Dex: 21    Spells: 11/19 levels left

rFire    . . .     SeeInvis .   a - +0 hand crossbow
rCold    + . .     Gourm    .   (no shield)
rNeg     + . .     Faith    .   O - +1 leather armour of Poor Excuses {+Fly Regen+ Int-3 Stlth+}
rPois    .         Spirit   .   y - +2 helmet "Faguu" {Dex+2}
rElec    .         Reflect  .   (no cloak)
rCorr    .         Harm     .   (no gloves)
MR       .....                  g - +0 pair of boots
Stlth    ++++......             (no amulet)
HPRegen  0.61/turn              h - ring of positive energy
MPRegen  0.15/turn              C - ring of protection from cold

@: no status effects
A: distributed training, fangs 1, strong nose
a: Fungal Bloom, Evolution, Sunlight, Renounce Religion, Evoke Flight


You were on level 8 of the Dungeon.
You worshipped Fedhas.
Fedhas was pleased with you.
You were hungry.

You visited 1 branch of the dungeon, and saw 8 of its levels.

You collected 480 gold pieces.
You spent 324 gold pieces at shops.

Inventory:

Hand Weapons
 a - a +0 hand crossbow (weapon)
 i - a +0 dagger
 w - a +2 antimagic dagger
Missiles
 d - 17 bolts (quivered)
 r - 7 javelins
Armour
 e - a +0 robe
 g - a +0 pair of boots (worn)
 x - a +0 leather armour
 y - the +2 helmet "Faguu" (worn) {Dex+2}
   (You took it off Robin on level 3 of the Dungeon)

   It affects your dexterity (+2).
 K - a +2 hat
 O - the +1 leather armour of Poor Excuses (worn) {+Fly Regen+ Int-3 Stlth+}
   (You bought it in a shop on level 8 of the Dungeon)

   It affects your intelligence (-3).
   It lets you fly.
   It increases your rate of regeneration.
   It makes you more stealthy.
Magical Staves
 q - an uncursed staff of wizardry
Jewellery
 h - a ring of positive energy (left hand)
 z - a cursed ring of loudness
 C - a ring of protection from cold (right hand)
Scrolls
 b - a scroll of amnesia {unknown}
 j - 3 scrolls of noise
 k - 3 scrolls of magic mapping {unknown}
 l - 3 scrolls of enchant armour
 n - 5 scrolls of identify
 p - 3 scrolls of blinking {unknown}
 s - 4 scrolls of random uselessness
 A - 2 scrolls of remove curse {unknown}
 G - 3 scrolls of enchant weapon {unknown}
 L - a scroll of fear {unknown}
 M - a scroll of summoning {unknown}
Potions
 m - a potion of degeneration
 o - 2 potions of curing {unknown}
 t - a potion of agility {unknown}
 v - a potion of invisibility {unknown}
 B - 2 potions of mutation {unknown}
 D - 2 potions of heal wounds
 E - a potion of magic {unknown}
 F - a potion of brilliance {unknown}
 H - a potion of flight {unknown}
 J - a potion of cancellation {unknown}
 P - a potion of haste {unknown}
Books
 c - a book of Debilitation

   Spells                             Type                      Level
   a - Corona                         Hexes                        1
   b - Slow                           Hexes                        2
   c - Inner Flame                    Hexes/Fire                   3
   d - Portal Projectile              Hexes/Translocation          3
   e - Cause Fear                     Hexes                        4
   f - Leda's Liquefaction            Hexes/Earth                  4
 I - a book of Clouds

   Spells                             Type                      Level
   a - Poisonous Vapours              Poison/Air                   2
   b - Mephitic Cloud                 Conjuration/Poison/Air       3
   c - Conjure Flame                  Conjuration/Fire             3
   d - Freezing Cloud                 Conjuration/Ice/Air          6
   e - Ring of Flames                 Charms/Fire                  7
 N - a book of Geomancy

   Spells                             Type                      Level
   a - Sandblast                      Earth                        1
   b - Passwall                       Transmutation/Earth          2
   c - Stone Arrow                    Conjuration/Earth            3
   d - Petrify                        Transmutation/Earth          4
   e - Lee's Rapid Deconstruction     Earth                        5
Comestibles
 f - 9 rations


   Skills:
 + Level 5.4 Fighting
 + Level 4.6 Short Blades
 + Level 4.6 Long Blades
 + Level 4.6 Axes
 + Level 4.6 Maces & Flails
 + Level 4.6 Polearms
 + Level 4.6 Staves
 + Level 4.6 Slings
 + Level 4.6 Bows
 + Level 6.6 Crossbows
 + Level 4.6 Throwing
 + Level 4.6 Armour
 + Level 6.6 Dodging
 + Level 4.6 Stealth
 + Level 4.6 Shields
 + Level 4.6 Unarmed Combat
 + Level 5.5 Spellcasting
 + Level 3.8 Conjurations
 + Level 6.7 Hexes
 + Level 3.8 Charms
 + Level 3.8 Summonings
 + Level 3.8 Necromancy
 + Level 3.8 Translocations
 + Level 3.8 Transmutations
 + Level 3.8 Fire Magic
 + Level 3.8 Ice Magic
 + Level 3.8 Air Magic
 + Level 3.8 Earth Magic
 + Level 3.8 Poison Magic
 + Level 5.1 Invocations
 + Level 4.6 Evocations


You had 11 spell levels left.
You knew the following spells:

 Your Spells              Type           Power        Failure   Level  Hunger
a - Corona                Hex            ###....      1%          1    None
b - Inner Flame           Hex/Fire       ###.....     8%          3    ###....
c - Cause Fear            Hex            ###.......   14%         4    ####...


Dungeon Overview and Level Annotations

Branches:
Dungeon (8/15)             Temple (0/1) D:4
   Lair: D:8-11

Altars:
Cheibriados
Elyvilon
Fedhas
Kikubaaqudgha
Ru
Sif Muna
Trog
Uskayaw
Wu Jian
Xom
Yredelemnul
The Shining One

Shops:
D:8 *


Innate Abilities, Weirdness & Mutations

Your experience applies equally to all skills.
You have very sharp teeth.
Your uncanny sense of smell can sniff out nearby items.


Message History

Firing (i - inventory. (,) - cycle):
d - 19 bolts (quivered)
Press: ? - help, Shift-Dir - straight line, f/p - wyvern
Aim: a wyvern (heavily wounded, softly glowing)
You shoot a bolt.
The bolt hits the wyvern but does no damage.
The wyvern is heavily wounded.
The wyvern bites you but does no damage. x2
Unknown command.
Firing (i - inventory. (,) - cycle):
d - 18 bolts (quivered)
Press: ? - help, Shift-Dir - straight line, f/p - wyvern
Aim: a wyvern (heavily wounded, softly glowing)
You shoot a bolt. The bolt hits the wyvern!
The wyvern is severely wounded.
You feel less wooden.
The +2 helmet "Faguu" {Dex+2} unmelds from your body.
Your +0 pair of boots unmelds from your body.
The +1 leather armour of Poor Excuses {+Fly Regen+ Int-3 Stlth+} unmelds from your body.
The wyvern stops glowing.
The wyvern bites you!
You die...
Fedhas appreciates your contribution to the ecosystem.

#.##># #.# ######
### ∆ ### #.####
## ####...######
###
###.##...###......
....#
#.##..#####.######
......###@...##
### #....(l...##
#####(##### ######
####### ### .....#
#.#..# #.# #.####
#<#..# #.# #.#
#.#..# #.# #.#
#.#..# #.# #.#
#.#..# #.#


You could see a wyvern.

Vanquished Creatures
  2 hippogriffs (D:8)
  A wyvern (D:8)
  An ice beast (D:6)
  A phantom (D:3)
  A black bear (D:8)
  A sky beast (D:6)
  2 ogres
  3 centaurs
  3 crocodiles (D:8)
  4 bullfrogs
  3 scorpions
  4 killer bees (D:8)
  3 howler monkeys
  3 wights
  2 crimson imps
  2 orc priests
  A jelly (D:5)
  A bullfrog skeleton (D:5)
  3 hounds
  4 orc wizards
  3 iguanas
  5 worker ants
  A hound zombie (D:8)
  Robin (D:3)
  4 gnolls (D:4)
  7 adders
  An ooze (D:1)
  An adder skeleton (D:8)
  3 worms (D:3)
  4 dart slugs
  7 leopard geckos
  10 orcs
  3 giant cockroaches
  13 goblins
  13 hobgoblins
  8 jackals
  7 kobolds
  3 quokkas
  3 ball pythons
  5 bats
  3 frilled lizards (D:2)
  A jackal skeleton (D:4)
  A jackal zombie (D:6)
  2 leopard gecko skeletons
  5 rats
159 creatures vanquished.

Vanquished Creatures (others)
  An ogre (D:4)
  2 leopard geckos (D:4)
  An orc (D:4)
  A jackal (D:4)
  63 toadstools
68 creatures vanquished.

Grand Total: 227 creatures vanquished

Notes
Turn   | Place    | Note
-------+----------+-------------------------------------------
     0 | D:1      | Gaball the Gnoll Arcane Marksman began the quest for the Orb.
     0 | D:1      | Reached XP level 1. HP: 17/17 MP: 4/4
   213 | D:1      | Reached XP level 2. HP: 23/23 MP: 5/5
   569 | D:1      | Reached XP level 3. HP: 23/28 MP: 7/7
   608 | D:1      | You fall through a shaft!
   651 | D:2      | Found a blossoming altar of Fedhas.
   735 | D:2      | Became a worshipper of Fedhas Madash
   976 | D:2      | Reached skill level 1 in Invocations
  1512 | D:2      | Learned a level 3 spell: Inner Flame
  1844 | D:3      | Reached skill level 1 in Short Blades
  1844 | D:3      | Reached skill level 1 in Long Blades
  1844 | D:3      | Reached skill level 1 in Axes
  1844 | D:3      | Reached skill level 1 in Maces & Flails
  1844 | D:3      | Reached skill level 1 in Polearms
  1844 | D:3      | Reached skill level 1 in Staves
  1844 | D:3      | Reached skill level 1 in Slings
  1844 | D:3      | Reached skill level 1 in Bows
  1844 | D:3      | Reached skill level 1 in Throwing
  1844 | D:3      | Reached skill level 1 in Armour
  1844 | D:3      | Reached skill level 1 in Stealth
  1844 | D:3      | Reached skill level 1 in Shields
  1844 | D:3      | Reached skill level 1 in Unarmed Combat
  1844 | D:3      | Reached skill level 1 in Evocations
  1844 | D:3      | Reached XP level 4. HP: 20/34 MP: 6/8
  2087 | D:3      | Found a sacrificial altar of Ru.
  2339 | D:3      | Found a hide-covered altar of Uskayaw.
  2339 | D:3      | Found an ornate altar of the Wu Jian Council.
  2665 | D:3      | Noticed a phantom
  2707 | D:3      | Reached skill level 1 in Conjurations
  2707 | D:3      | Reached skill level 1 in Charms
  2707 | D:3      | Reached skill level 1 in Summonings
  2707 | D:3      | Reached skill level 1 in Necromancy
  2707 | D:3      | Reached skill level 1 in Translocations
  2707 | D:3      | Reached skill level 1 in Transmutations
  2707 | D:3      | Reached skill level 1 in Fire Magic
  2707 | D:3      | Reached skill level 1 in Ice Magic
  2707 | D:3      | Reached skill level 1 in Air Magic
  2707 | D:3      | Reached skill level 1 in Earth Magic
  2707 | D:3      | Reached skill level 1 in Poison Magic
  2748 | D:3      | Killed a phantom
  2748 | D:3      | Reached XP level 5. HP: 36/41 MP: 7/9
  2890 | D:3      | Reached XP level 6. HP: 47/47 MP: 8/10
  2928 | D:3      | Noticed Robin
  3106 | D:3      | Learned a level 4 spell: Cause Fear
  3189 | D:3      | Killed Robin
  3590 | D:3      | Got a jewelled helmet
  3596 | D:3      | Identified the +2 helmet "Faguu" {Dex+2} (You took it off Robin on level 3 of the Dungeon)
  3635 | D:4      | Reached skill level 5 in Crossbows
  3635 | D:4      | Reached skill level 5 in Dodging
  3638 | D:4      | Reached * piety under Fedhas
  3656 | D:4      | Found an ancient bone altar of Kikubaaqudgha.
  3806 | D:4      | Reached XP level 7. HP: 45/52 MP: 2/12
  4476 | D:4      | Found a shimmering altar of Xom.
  4795 | D:4      | Found a staircase to the Ecumenical Temple.
  5146 | D:5      | Entered Level 5 of the Dungeon
  5380 | D:5      | Found a deep blue altar of Sif Muna.
  5394 | D:5      | Found a bloodstained altar of Trog.
  5464 | D:5      | Reached XP level 8. HP: 30/60 MP: 5/14
  5622 | D:5      | Found a glowing golden altar of the Shining One.
  5672 | D:5      | Found a snail-covered altar of Cheibriados.
  7582 | D:7      | Found a basalt altar of Yredelemnul.
  8389 | D:7      | Reached XP level 9. HP: 66/66 MP: 4/16
  8459 | D:7      | Found a white marble altar of Elyvilon.
  9011 | D:8      | Reached ** piety under Fedhas
  9280 | D:8      | Reached skill level 5 in Spellcasting
  9389 | D:8      | Reached skill level 5 in Fighting
  9822 | D:8      | Found Xoqous's Assorted Antiques.
  9830 | D:8      | Bought a potion of heal wounds for 135 gold pieces
  9830 | D:8      | Bought a warped leather armour for 189 gold pieces
  9840 | D:8      | Identified the +1 leather armour of Poor Excuses {+Fly Regen+ Int-3 Stlth+} (You bought it in a shop on level 8 of the Dungeon)
 10228 | D:8      | Reached skill level 5 in Invocations
 10295 | D:8      | Slain by a wyvern

Skill      XL: |  1  2  3  4  5  6  7  8  9 |
---------------+----------------------------+-----
Invocations    | 1 2 3 4 5 |  5.1
Short Blades   | 1 2 3 4 |  4.6
Long Blades    | 1 2 3 4 |  4.6
Axes           | 1 2 3 4 |  4.6
Maces & Flails | 1 2 3 4 |  4.6
Polearms       | 1 2 3 4 |  4.6
Staves         | 1 2 3 4 |  4.6
Slings         | 1 2 3 4 |  4.6
Bows           | 1 2 3 4 |  4.6
Throwing       | 1 2 3 4 |  4.6
Armour         | 1 2 3 4 |  4.6
Stealth        | 1 2 3 4 |  4.6
Shields        | 1 2 3 4 |  4.6
Unarmed Combat | 1 2 3 4 |  4.6
Evocations     | 1 2 3 4 |  4.6
Spellcasting   | 3 4 5 |  5.5
Conjurations   | 1 2 3 |  3.8
Charms         | 1 2 3 |  3.8
Summonings     | 1 2 3 |  3.8
Necromancy     | 1 2 3 |  3.8
Translocations | 1 2 3 |  3.8
Transmutations | 1 2 3 |  3.8
Fire Magic     | 1 2 3 |  3.8
Ice Magic      | 1 2 3 |  3.8
Air Magic      | 1 2 3 |  3.8
Earth Magic    | 1 2 3 |  3.8
Poison Magic   | 1 2 3 |  3.8
Fighting       | 3 4 5 |  5.4
Crossbows      | 5 6 |  6.6
Dodging        | 5 6 |  6.6
Hexes          | 6 |  6.7

Action                   |  1- 3 |  4- 6 |  7- 9 || total
-------------------------+-------+-------+-------++-------
Melee: Dagger            |   151 |   181 |   457 ||   789
       Bite              |     9 |    20 |    57 ||    86
       Punch             |     1 |     1 |    10 ||    12
 Fire: Hand crossbow     |    27 |    24 |   195 ||   246
Throw: Javelin           |       |     7 |     7 ||    14
 Cast: Corona            |     8 |    24 |    55 ||    87
       Cause Fear        |       |       |     4 ||     4
Invok: Fungal Bloom      |     1 |     4 |    17 ||    22
  Use: Scroll            |       |       |     7 ||     7
       Potion            |       |       |     6 ||     6
 Stab: Sleeping          |     1 |     1 |     3 ||     5
  Eat: Chunk             |     2 |     7 |    11 ||    20
       Ration            |       |       |     3 ||     3
Armor: Robe              |    30 |    22 |       ||    52
       Leather armour    |       |     8 |   106 ||   114
       Skin              |       |       |    28 ||    28
Dodge: Dodged            |   104 |   103 |   407 ||   614
